 Dungeon Crawl Stone Soup version 0.29.1-15-g9cfb28693d (webtiles) character file.

Game seed: 10643135140114069793

59 Gustavia the Ducker (level 4, -4/45 HPs)
             Began as an Ogre Gladiator on Mar 24, 2023.
             Slain by Sigmund
             ... wielding a +0 scythe
              (9 damage)
             ... on level 2 of the Dungeon.
             The game lasted 00:04:37 (2121 turns).

Gustavia the Ducker (Ogre Gladiator)                Turns: 2121, Time: 00:04:37

Health: -4/45      AC:  3    Str: 20    XL:     4   Next: 3%
Magic:  4/4        EV: 10    Int:  9    God:
Gold:   65         SH:  0    Dex: 10    Spells: 3/3 levels left

rFire   . . .      SeeInvis .   a - +0 flail
rCold   . . .      Faith    .   (no shield)
rNeg    . . .      Spirit   .   b - +0 robe
rPois   .          Reflect  .   c - +0 hat
rElec   .          Harm     .   (no cloak)
rCorr   .          Rampage  .   (gloves unavailable)
Will    .....      Clarity  +   (boots unavailable)
Stlth   +.........              (no amulet)
HPRegen 0.15/turn               (no ring)
MPRegen 0.09/turn               (no ring)

@: no status effects
A: large, unfitting armour, tough skin 1, clarity
a: no special abilities


You were on level 2 of the Dungeon.
You visited 1 branch of the dungeon, and saw 2 of its levels.

You collected 65 gold pieces.

Inventory:

Hand Weapons
 a - a +0 flail (weapon)
Missiles
 d - 3 throwing nets (quivered)
 e - a large rock
Armour
 b - a +0 robe (worn)
 c - a +0 hat (worn)
Scrolls
 g - a scroll of poison {unknown}
 h - a scroll of teleportation {unknown}
Potions
 f - a potion of flight
 i - 2 potions of degeneration {unknown}


   Skills:
 + Level 3.3 Fighting
 + Level 3.3 Maces & Flails
 + Level 2.2 Throwing
 + Level 3.4 Dodging
 + Level 0.2 Stealth


You had 3 spell levels left.
You didn't know any spells.
Your spell library contained the following spells:

 Spells                   Type           Power      Damage    Failure   Level
 Magic Dart               Conj           0%         1d3       38%         1
 Call Imp                 Summ           0%         N/A       52%         2
 Mephitic Cloud           Conj/Pois/Air  0%         N/A       77%         3


Dungeon Overview and Level Annotations

Branches:
Dungeon (2/15)

Altars:

Shops:
D:2 [

Annotations:
D:2 Sigmund


Innate Abilities, Weirdness & Mutations

You are too large for most types of armour.
You have tough skin. (AC +1)
You possess an exceptional clarity of mind.


Message History

You hit Sigmund.
Sigmund is lightly wounded.
You closely miss Sigmund.
Sigmund is lightly wounded.
Sigmund gestures at you while chanting. The puff of flame hits you.
The goblin hits you with a +0 dagger. Sigmund hits you with a +0 scythe.
You hit Sigmund.
Sigmund is lightly wounded.
The goblin hits you but does no damage. The goblin barely misses you.
Sigmund closely misses you. The goblin closely misses you.
The goblin attacks as you move away! The goblin barely misses you.
Sigmund gestures at you while chanting. The puff of flame misses you.
The goblin attacks as you move away! The goblin hits you but does no damage.
The goblin barely misses you.
Sigmund gestures wildly while chanting.
Sigmund flickers and vanishes!
Deactivating autopickup; reactivate with Ctrl-A.
The goblin attacks as you move away! The goblin barely misses you.
You hit the goblin.
The goblin is moderately wounded.
The goblin barely misses you. The goblin hits you with a +0 dagger.
You thump the goblin!
You kill the goblin!
Something hits you!
You hit the frilled lizard.
You kill the frilled lizard!
You hear some strange, mumbled words.
Something tries to affect you, but you resist.
Something hits you!
* * * LOW HITPOINT WARNING * * *
Something hits you!
* * * LOW HITPOINT WARNING * * *
You hear some strange, mumbled words.
A puff of flame appears from out of thin air!
The puff of flame misses you. Something hits you!
You die...

...## #.# ....## ######
#.# .....# #..).# #.#
.....# #.##.####.####
...#.# #.##...@).....
...#.#######
#.#####.....##
.#.#.......## #####.#
##....# ##.####..#..##
#.{...# ##.#.# ##.#
#......# #@###.# #.#.#
##.# ##.∩.#.# #.# #.#
#.#.# #.# #......# #.###.#
#'#.# ##.# #.######
#.....# ..... ...####.#
###.### ....# ####.##.#
##.## .....
###...#.#########...####..
...............†.......'..
#.........#######...####..


There were no monsters in sight!

Vanquished Creatures
  2 adders (D:2)
  2 endoplasms
  3 giant cockroaches
  4 goblins
  2 hobgoblins (D:1)
  4 kobolds
  3 quokkas (D:1)
  4 ball pythons (D:1)
  5 bats
  6 frilled lizards
  4 rats (D:1)
39 creatures vanquished.

Notes
Turn   | Place    | Note
-------+----------+-------------------------------------------
     0 | D:1      | Gustavia the Ogre Gladiator began the quest for the Orb.
     0 | D:1      | Reached XP level 1. HP: 22/22 MP: 1/1
   350 | D:1      | Gained mutation: You possess an exceptional clarity of
                  | mind. [potion of mutation]
   382 | D:1      | Found a faded altar of an unknown god.
   389 | D:1      | Reached XP level 2. HP: 23/29 MP: 2/2
   931 | D:1      | Reached XP level 3. HP: 33/37 MP: 3/3
  1854 | D:2      | Found Oliat's Armour Shoppe.
  2089 | D:2      | Reached XP level 4. HP: 45/45 MP: 4/4
  2089 | D:2      | Noticed Sigmund
  2121 | D:2      | Slain by Sigmund

Illustrated notes

Levels and vault maps discovered:
D:1:      onia_arrival_handbag, layout_basic, ebering_ecumenical_altar_hall
D:2:      layout_loops_corners, serial_shops, nicolae_shop_stone, uniq_sigmund,
          uniq_terence

Skill      XL: |  1  2 |
---------------+-------+-----
Dodging        | 3 |  3.4
Fighting       | 3 |  3.3
Maces & Flails | 3 |  3.3
Throwing       | |  2.2
Stealth        | |  0.2

Action                   |  1- 3 |  4- 6 || total
-------------------------+-------+-------++-------
Melee: Flail             |   114 |     7 ||   121
       Punch             |     1 |       ||     1
  Use: Scroll            |     3 |       ||     3
       Potion            |     1 |       ||     1
 Stab: Sleeping          |     1 |       ||     1
Armor: Robe              |    49 |     2 ||    51
Dodge: Dodged            |    91 |    10 ||   101
